 Dungeon Crawl Stone Soup version 0.29-a0-319-gad05b8d819 (webtiles) character file.

Game seed: 5069410185925519446

23 GigaChad the Skirmisher (level 2, 0/24 HPs)
             Began as a Demonspawn Abyssal Knight on Apr 1, 2022.
             Was a Believer of Lugonu.
             Slain by Jessica
             ... wielding a +2 dagger of speed
              (4 damage)
             ... on level 2 of the Dungeon.
             The game lasted 00:02:59 (483 turns).

GigaChad the Skirmisher (Demonspawn Abyssal Knight)  Turns: 483, Time: 00:03:00

Health: 0/24       AC:  3    Str: 13    XL:     2   Next: 75%
Magic:  3/3        EV: 11    Int: 11    God:    Lugonu [**....]
Gold:   12         SH:  0    Dex: 13    Spells: 1/1 levels left

rFire   . . .      SeeInvis .   d - +0 halberd
rCold   + . .      Faith    .   (shield currently unavailable)
rNeg    . . .      Spirit   .   b - +0 leather armour
rPois   .          Reflect  .   (no helmet)
rElec   .          Harm     .   (no cloak)
rCorr   .          Rampage  .   (no gloves)
Will    .....                   (no boots)
Stlth   +.........              (no amulet)
HPRegen 0.08/turn               h - ring of protection from cold
MPRegen 0.08/turn               (no ring)

@: about to teleport
A: spiny 1
a: Renounce Religion, Depart the Abyss, Bend Space


You were on level 2 of the Dungeon.
You worshipped Lugonu.
Lugonu was pleased with you.
You visited 1 branch of the dungeon, and saw 2 of its levels.
You visited the Abyss 1 time.

You collected 12 gold pieces.

Inventory:

Hand Weapons
 a - a +1 falchion
 c - a +0 short sword
 d - a +0 halberd (weapon)
Missiles
 e - 3 poisoned darts
Armour
 b - a +0 leather armour (worn)
Jewellery
 h - a ring of protection from cold (left hand)
Potions
 f - a potion of mutation {unknown}
 g - a potion of ambrosia {unknown}


   Skills:
 + Level 3.5 Fighting
 + Level 2.1 Long Blades
 + Level 2.1 Armour
 + Level 0.8 Dodging
 + Level 2.4 Invocations


You had one spell level left.
You didn't know any spells.
Your spell library was empty.

Dungeon Overview and Level Annotations

Branches:
Dungeon (2/15)

Altars:

Annotations:
D:2 Jessica


Innate Abilities, Weirdness & Mutations

You are partially covered in sharp spines.


Message History

A bat comes into view.
Found a shiny wooden ring.
h - a ring of protection from cold
h - a ring of protection from cold (left hand)
The bat is struck by your spines.
You kill the bat!
Lugonu accepts your kill.
A hobgoblin comes into view.
The hobgoblin shouts!
You closely miss the hobgoblin. The hobgoblin is struck by your spines.
The hobgoblin closely misses you.
You barely miss the hobgoblin.
The hobgoblin is moderately wounded.
The hobgoblin hits you.
* * * LOW HITPOINT WARNING * * *
The hobgoblin is struck by your spines.
You kill the hobgoblin!
Lugonu accepts your kill.
There is an escape hatch in the floor here.
You slide downwards.
The hatch slams shut behind you.
Found a scroll of teleportation.
i - a scroll of teleportation Jessica the Apprentice Sorceress comes into view.
She is wielding a +2 dagger of speed.
Jessica shouts, "You're disturbing me!
I'll have to kill you!" Jessica casts a spell at you.
Pain shoots through your body!
* * * LOW HITPOINT WARNING * * *
Jessica is struck by your spines.
Jessica hits you with a +2 dagger of speed.
* * * LOW HITPOINT WARNING * * *
You barely miss Jessica.
Jessica is moderately wounded.
Jessica grins evilly.
Jessica mumbles some strange words.
Jessica blinks!
As you read the scroll of teleportation, it crumbles to dust.
You feel strangely unstable. Jessica attacks as you move away!
Jessica hits you with a +2 dagger of speed.
You die...

.#..................#..#
......#......#......#..#
#...........#......#..#
#...........+..........
#...........###........
.#........#.............
..........########.#.###
...#...@........ #.....
.......@..###### #...#.#
##............. .......
..........##### .##..#..
###.##.#...# #. ......
... #.#....# . ......
#.. ......... #.
........... ... .......


You could see Jessica.

Vanquished Creatures
  4 ball pythons (D:1)
  3 endoplasms (D:1)
  2 goblins (D:1)
  4 hobgoblins (D:1)
  2 kobolds (D:1)
  5 bats (D:1)
  A frilled lizard (D:1)
21 creatures vanquished.

Vanquished Creatures (others)
  4 toadstools (D:1)
4 creatures vanquished.

Grand Total: 25 creatures vanquished

Notes
Turn   | Place    | Note
-------+----------+-------------------------------------------
     0 | Abyss:1  | GigaChad the Demonspawn Abyssal Knight began the quest for
                  | the Orb.
     0 | Abyss:1  | Reached XP level 1. HP: 18/18 MP: 2/2
     0 | D:1      | Escaped the Abyss
   225 | D:1      | Gained mutation: You are partially covered in sharp spines.
                  | [demonic ancestry]
   225 | D:1      | Reached XP level 2. HP: 17/24 MP: 3/3
   472 | D:2      | Noticed Jessica
   483 | D:2      | Slain by Jessica

Illustrated notes

Levels and vault maps discovered:
D:1:      ldierk_walled_garden_2, layout_basic, minmay_pentomino_s2
D:2:      layout_basic, uniq_jessica

Skill      XL: |  1  2 |
---------------+-------+-----
Armour         | 2 |  2.1
Long Blades    | 2 |  2.1
Fighting       | |  3.5
Dodging        | |  0.8
Invocations    | |  2.4

Action                   || total
-------------------------++-------
Melee: Falchion          ||    37
       Halberd           ||    10
Invok: Depart the Abyss  ||     1
  Use: Scroll            ||     4
Armor: Leather armour    ||     9
Dodge: Dodged            ||    27

Table legend: (Time is in decaauts)
 A = Elapsed time spent in this place.
 B = Non-inter-level travel time spent in this place.
 C = Inter-level travel time spent in this place.
 D = Time resting spent in this place.
 E = Time spent auto-exploring this place.
 F = Levels seen in this place.
 G = Mean time per level.
                   A        B        C        D        E       F      G
               +--------+--------+--------+--------+--------+-----+--------+
         Total |    493 |    493 |      0 |      0 |      0 |   3 |  164.3 |
       Dungeon |    493 |    493 |      0 |      0 |      0 |   2 |  246.5 |
         Abyss |      0 |      0 |      0 |      0 |      0 |   1 |    0.0 |
               +--------+--------+--------+--------+--------+-----+--------+

Top non-repeatable levels by time:
     D:1: 465 daAuts
     D:2: 28 daAuts
